 Dungeon Crawl Stone Soup version 0.27-a0-686-gaed091b46b (webtiles) character file.

Game seed: 4701217201894589701

2 sahdkjhfkaj the Grave Robber (level 1, 0/16 HPs)
             Began as a Hill Orc Necromancer on Mar 20, 2021.
             Slain by a rat (2 damage)
             ... on level 1 of the Dungeon.
             The game lasted 00:00:50 (137 turns).

sahdkjhfkaj the Grave Robber (Hill Orc Necromancer)  Turns: 137, Time: 00:00:50

Health: 0/16       AC:  3    Str: 10    XL:     1   Next: 40%
Magic:  1/3        EV: 12    Int: 15    God:
Gold:   23         SH:  0    Dex: 11    Spells: 2/3 levels left

rFire    . . .     SeeInvis .   (no weapon)
rCold    . . .     Faith    .   (no shield)
rNeg     . . .     Spirit   .   a - +0 robe
rPois    .         Reflect  .   b - +0 helmet
rElec    .         Harm     .   (no cloak)
rCorr    .         Rampage  .   (no gloves)
Will     .....                  (no boots)
Stlth    ++........             (no amulet)
HPRegen  0.05/turn              (no ring)
MPRegen  0.08/turn              (no ring)

@: no status effects
A: no striking features
a: no special abilities


You were on level 1 of the Dungeon.
You visited 1 branch of the dungeon, and saw 1 of its levels.

You collected 23 gold pieces.

Inventory:

Armour
 a - a +0 robe (worn)
 b - a +0 helmet (worn)


   Skills:
 + Level 1.0 Fighting
 - Level 1.5 Dodging
 - Level 1.5 Stealth
 - Level 1.5 Spellcasting
 - Level 4.0 Necromancy


You had 2 spell levels left.
You knew the following spells:

 Your Spells              Type           Power      Damage    Failure   Level
a - Pain                  Necr           52%        1d6       4%          1

Your spell library contained the following spells:

 Spells                   Type           Power      Damage    Failure   Level
 Animate Skeleton         Necr           26%        N/A       4%          1
 Vampiric Draining        Necr           6%         2d6       14%         3
 Animate Dead             Necr           6%         N/A       41%         4
 Agony                    Necr           13%        N/A       77%         5


Dungeon Overview and Level Annotations

Branches:
Dungeon (1/15)

Altars:

Shops:
D:1 *


Message History

The frilled lizard hisses angrily.
You hear an angry hiss.
The quokka bites you.
Casting: Pain (safe; 4% risk of failure)
Confirm with . or Enter, or press ? or * to list all spells.
Aiming: Pain (safe; 4% risk of failure)
Press: ? - help, Shift-Dir - straight line, f/p - quokka
Aim: a quokka (severely wounded, chance to affect: 83%)
The quokka barely resists.
The quokka barely misses you. The quokka misses you. The quokka bites you.
The quokka misses you. The quokka bites you.
* * * LOW HITPOINT WARNING * * *
Casting: Pain (safe; 4% risk of failure)
Confirm with . or Enter, or press ? or * to list all spells.
Aiming: Pain (safe; 4% risk of failure)
Press: ? - help, Shift-Dir - straight line, f/p - quokka
Aim: a quokka (moderately wounded, chance to affect: 83%)
The quokka writhes in agony.
The quokka bites you but does no damage.
The quokka closely misses you.
The quokka bites you but does no damage.
Casting: Pain (safe; 4% risk of failure)
Confirm with . or Enter, or press ? or * to list all spells.
Aiming: Pain (safe; 4% risk of failure)
Press: ? - help, Shift-Dir - straight line, f/p - quokka
Aim: a quokka (moderately wounded, chance to affect: 83%)
The quokka writhes in agony.
You kill the quokka!
Your Fighting skill increases to level 1!
A bat comes into view.
The bat hits you but does no damage.
A rat comes into view.
The bat hits you.
* * * LOW HITPOINT WARNING * * *
The bat closely misses you.
Unknown command.
You hit the bat but do no damage. The bat misses you.
Unknown command.
The bat closely misses you.
A dart slug comes into view.
The bat hits you but does no damage.
Found a robe.
A dart slug comes into view.
The bat closely misses you.
Found 20 stones.
As you read the scroll labelled LIMI HUHUPH, it crumbles to dust.
You speak a Word of immense power!
It was a scroll of holy word.
The rat bites you.
You die...

...( #.#.# #w.# #.#.#
# #..# #.... #. #.[#
########.# .. #..#
#...####.#
#####.#..####........#
...............######
#.####.########
#..@rlb# ########


You could see a bat, a frilled lizard and a rat.

Vanquished Creatures
  A ball python (D:1)
  A quokka (D:1)
2 creatures vanquished.

Notes
Turn   | Place    | Note
-------+----------+-------------------------------------------
     0 | D:1      | sahdkjhfkaj the Hill Orc Necromancer began the quest for
                  | the Orb.
     0 | D:1      | Reached XP level 1. HP: 14/14 MP: 3/3
    30 | D:1      | Found Agesix's General Store.
   122 | D:1      | Reached skill level 1 in Fighting
   137 | D:1      | Slain by a rat

Illustrated notes

Levels and vault maps discovered:
D:1:      evilmike_arrival_fibonacci_small, layout_loops_cross, serial_shops,
          shop_statue, shop, shop, nicolae_shop_waterfront, minmay_pentomino_o4

Skill      XL: |  1 |
---------------+----+-----
Fighting       | 1 |  1.0
Dodging        | |  1.5
Stealth        | |  1.5
Spellcasting   | |  1.5
Necromancy     | |  4.0

Action                   || total
-------------------------++-------
Melee: Unarmed           ||     1
 Cast: Pain              ||     7
  Use: Scroll            ||     1
Armor: Robe              ||     5
Dodge: Dodged            ||     9

Table legend: (Time is in decaauts)
 A = Elapsed time spent in this place.
 B = Non-inter-level travel time spent in this place.
 C = Inter-level travel time spent in this place.
 D = Time resting spent in this place.
 E = Time spent auto-exploring this place.
 F = Levels seen in this place.
 G = Mean time per level.
                   A        B        C        D        E       F      G
               +--------+--------+--------+--------+--------+-----+--------+
         Total |    137 |    137 |      0 |      0 |     64 |   1 |  137.0 |
       Dungeon |    137 |    137 |      0 |      0 |     64 |   1 |  137.0 |
               +--------+--------+--------+--------+--------+-----+--------+

Top non-repeatable levels by time:
     D:1: 137 daAuts
